 Dungeon Crawl Stone Soup version 0.28-a0-1504-g839a4452db (webtiles) character file.

Game seed: 1385442143438175017

25 Cheeritup the Vandal (level 3, 28/28 HPs)
             Began as a Formicid Hunter on Jan 13, 2022.
             Quit the game on level 1 of the Dungeon.
             The game lasted 00:02:39 (337 turns).

Cheeritup the Vandal (Formicid Hunter)               Turns: 337, Time: 00:02:39

Health: 28/28      AC:  3    Str: 18    XL:     3   Next: 17%
Magic:  3/3        EV: 11    Int: 10    God:
Gold:   4          SH:  0    Dex: 11    Spells: 2/2 levels left

rFire   . . .      SeeInvis +   b - +1 hunting sling
rCold   . . .      Faith    .   (no shield)
rNeg    . . .      Spirit   .   c - +0 leather armour
rPois   .          Reflect  .   (helmet unavailable)
rElec   .          Harm     .   (no cloak)
rCorr   .          Rampage  .   (no gloves)
Will    .....                   (no boots)
Stlth   +.........              (no amulet)
HPRegen 0.09/turn               (no ring)
MPRegen 0.08/turn               (no ring)

@: no status effects
A: permanent stasis, dig shafts and tunnels, antennae 3, four strong arms
a: Dig, Shaft Self


You were on level 1 of the Dungeon.
You visited 1 branch of the dungeon, and saw 1 of its levels.

You collected 4 gold pieces.

Inventory:

Hand Weapons
 a - a +0 short sword
 b - a +1 hunting sling (weapon)
Missiles
 d - 37 sling bullets (quivered ammo)
Armour
 c - a +0 leather armour (worn)


   Skills:
 + Level 2.6 Fighting
 * Level 1.7 Short Blades
 + Level 4.6 Slings
 - Level 1.7 Dodging
 - Level 1.2 Stealth


You had 2 spell levels left.
You didn't know any spells.
Your spell library was empty.

Dungeon Overview and Level Annotations

Branches:
Dungeon (1/15)

Altars:


Innate Abilities, Weirdness & Mutations

You cannot be hasted, slowed, berserked, paralysed or teleported.
You can dig through walls and to a lower floor.
You have a pair of large antennae on your head. (SInv)
Your four strong arms can wield two-handed weapons with a shield.


Message History

No target in view!
d - 37 sling bullets (gained 1)
You see here a +0 club.
You sense a monster nearby.
No target in view!
You sense a monster nearby.
A goblin comes into view. It is wielding a +0 dagger.
You shoot a sling bullet. The sling bullet hits the goblin!
You kill the goblin!
No target in view!
A ball python comes into view.
The ball python hisses angrily.
You shoot a sling bullet. The sling bullet hits the ball python.
You kill the ball python!
A ball python comes into view.
You shoot a sling bullet. The sling bullet hits the ball python!
You kill the ball python!
A rat comes into view.
A rat is nearby!
You shoot a sling bullet.
The sling bullet closely misses the rat.
A rat is nearby!
You shoot a sling bullet.
The sling bullet completely misses the rat.
A rat is nearby!
You shoot a sling bullet. The sling bullet barely misses the rat.
The rat closely misses you.
You shoot a sling bullet. The sling bullet hits the rat!
You kill the rat!
d - 31 sling bullets (gained 1)
You see here a rat corpse.
d - 34 sling bullets (gained 3)
You sense a monster nearby.
d - 35 sling bullets (gained 1)
You see here a rat corpse.
d - 36 sling bullets (gained 1)
d - 37 sling bullets (gained 1)
You see here a +0 dagger.
Found a stone staircase leading down.
Are you sure you want to abandon this character and quit the game? (Confirm with "yes".)

.......#### #....#.#..
.>. #.#..#.#.# #.##.## .
#..#.#.#. #.....# # #
#......#.##.##..#.# ###
##.#.#.# .#.#...#.# #..
#.#.#.###...#....## #.<
#...†....#.##.#...# #..
.......#.##.#.##@....#
...#
########......)......#
..### #.##.............
...
########.####.##.###.##.
.. .........####.##...
.. #
#######.......###### ##
##.###### #.# #.# #.#
#######.# #.#


There were no monsters in sight!

Vanquished Creatures
  2 dart slugs (D:1)
  3 ball pythons (D:1)
  2 bats (D:1)
  3 endoplasms (D:1)
  A giant cockroach (D:1)
  2 goblins (D:1)
  A hobgoblin (D:1)
  2 quokkas (D:1)
  3 rats (D:1)
19 creatures vanquished.

Notes
Turn   | Place    | Note
-------+----------+-------------------------------------------
     0 | D:1      | Cheeritup the Formicid Hunter began the quest for the Orb.
     0 | D:1      | Reached XP level 1. HP: 16/16 MP: 1/1
    44 | D:1      | Reached skill level 1 in Short Blades
    44 | D:1      | Reached XP level 2. HP: 21/23 MP: 2/2
   244 | D:1      | Reached XP level 3. HP: 28/28 MP: 3/3
   337 | D:1      | Quit the game

Illustrated notes

Levels and vault maps discovered:
D:1:      amcnicky_arrival_double_pillar, layout_loops_ring,
          hellmonk_ecumenical_altar_run_dry

Skill      XL: |  1 |
---------------+----+-----
Short Blades   | 1 |  1.7
Fighting       | |  2.6
Slings         | |  4.6
Dodging        | |  1.7
Stealth        | |  1.2

Action                   || total
-------------------------++-------
 Fire: Hunting sling     ||    42
Armor: Leather armour    ||     1
Dodge: Dodged            ||     4

Table legend: (Time is in decaauts)
 A = Elapsed time spent in this place.
 B = Non-inter-level travel time spent in this place.
 C = Inter-level travel time spent in this place.
 D = Time resting spent in this place.
 E = Time spent auto-exploring this place.
 F = Levels seen in this place.
 G = Mean time per level.
                   A        B        C        D        E       F      G
               +--------+--------+--------+--------+--------+-----+--------+
         Total |    336 |    336 |      0 |      0 |    201 |   1 |  336.0 |
       Dungeon |    336 |    336 |      0 |      0 |    201 |   1 |  336.0 |
               +--------+--------+--------+--------+--------+-----+--------+

Top non-repeatable levels by time:
     D:1: 336 daAuts
